 Dungeon Crawl Stone Soup version 0.27-a0-1191-g601b473118 (webtiles) character file.

Game seed: 1676565700143026688

39 gruber the Digger (level 3, -1/26 HPs)
             Began as a Demigod Earth Elementalist on May 24, 2021.
             Slain by a worm (9 damage)
             ... on level 2 of the Dungeon.
             The game lasted 00:00:57 (1016 turns).

gruber the Digger (Demigod Earth Elementalist)      Turns: 1016, Time: 00:00:58

Health: -1/26      AC:  2    Str:  9    XL:     3   Next: 13%
Magic:  2/8        EV: 12    Int: 21    God:
Gold:   33         SH:  0    Dex: 14    Spells: 1/5 levels left

rFire    . . .     SeeInvis .   j - +1 dagger (flame)
rCold    . . .     Faith    .   (no shield)
rNeg     . . .     Spirit   .   c - +0 robe
rPois    .         Reflect  .   (no helmet)
rElec    .         Harm     .   (no cloak)
rCorr    +         Rampage  .   (no gloves)
Will     .....                  (no boots)
Stlth    ++........             (no amulet)
HPRegen  0.08/turn              i - ring of resist corrosion
MPRegen  0.11/turn              (no ring)

@: very slightly contaminated
A: high mp 1, forlorn
a: no special abilities


You were on level 2 of the Dungeon.
You visited 1 branch of the dungeon, and saw 2 of its levels.

You collected 33 gold pieces.

Inventory:

Hand Weapons
 j - a +1 dagger of flaming (weapon)
Missiles
 b - 29 stones
 e - 8 poisoned darts
Armour
 c - a +0 robe (worn)
Jewellery
 i - a ring of resist corrosion (left hand)
Scrolls
 a - a scroll of vulnerability {unknown}
 g - a scroll of amnesia {unknown}
 l - a scroll of torment {unknown}
Potions
 d - a potion of lignification {unknown}
 f - a potion of heal wounds {unknown}
 h - a potion of ambrosia {unknown}
 k - a potion of might {unknown}
 m - 2 potions of curing {unknown}
 n - a potion of invisibility {unknown}


   Skills:
 - Level 1.7 Dodging
 - Level 1.7 Stealth
 - Level 1.7 Spellcasting
 - Level 0.8 Transmutations
 + Level 4.0 Earth Magic


You had one spell level left.
You knew the following spells:

 Your Spells              Type           Power      Damage    Failure   Level
a - Sandblast             Erth           36%        2d10      2%          1
b - Stone Arrow           Conj/Erth      20%        3d8       21%         3

Your spell library contained the following spells:

 Spells                   Type           Power      Damage    Failure   Level
 Passwall                 Tmut/Erth      10%        N/A       9%          2
 Petrify                  Tmut/Erth      12%        N/A       50%         4
 Lee's Rapid Deconstruct  Erth           9%         3d8*      61%         5


Dungeon Overview and Level Annotations

Branches:
Dungeon (2/15)


Innate Abilities, Weirdness & Mutations

Your attributes grow dramatically as you level up.
You have an increased reservoir of magic. (+10% MP)
You shall have no god before yourself.


Message History

A phantom is nearby!
Found a stone staircase leading down.
No target in view!
No target in view!
A worm comes into view.
The blast of sand hits the phantom.
The phantom is moderately damaged.
The blast of sand hits the phantom.
The phantom is moderately damaged.
The phantom hits you.
The blast of sand hits the phantom!
The phantom is heavily damaged.
The phantom hits you!
The phantom blinks!
You blink.
The worm closely misses you.
Found an escape hatch in the floor.
A hobgoblin comes into view.
You miscast Sandblast.
You are very lightly contaminated with residual magic.
Nothing appears to happen.
The phantom hits you!
You are too injured to fight recklessly!
You are too injured to fight recklessly!
Unknown command.
Casting: Sandblast (safe; 2% risk of failure)
Confirm with . or Enter, or press ? or * to list all spells.
Aiming: Sandblast (safe; 2% risk of failure)
Press: ? - help, Shift-Dir - straight line, f/p - phantom
Aim: a phantom (heavily damaged, 71% to hit)
The blast of sand hits the phantom!
The phantom is almost destroyed.
The worm closely misses you.
The phantom hits you but does no damage.
Unknown command.
Casting: Sandblast (safe; 2% risk of failure)
Confirm with . or Enter, or press ? or * to list all spells.
Aiming: Sandblast (safe; 2% risk of failure)
Press: ? - help, Shift-Dir - straight line, f/p - phantom
Aim: a phantom (almost destroyed, 71% to hit)
The blast of sand misses the phantom.
The phantom closely misses you. The worm bites you!
You die...

.###......## .#
...
#..†...####.#.....
#.........#.......
#..............>..
#..##..##.........
#.. #..###........
#.. #..##.........
#.. ##............
#.##W@.......
.......w...####
g##..##..#...># #.
#.## ##.# # ..# #
..# .## ..


You could see a phantom, a worm and a hobgoblin (asleep).

Vanquished Creatures
  A gnoll (D:1)
  4 dart slugs
  2 bats (D:1)
  An endoplasm (D:1)
  A giant cockroach (D:1)
  5 goblins (D:1)
  A quokka (D:1)
  3 frilled lizards (D:1)
  4 kobolds (D:1)
  A rat (D:2)
23 creatures vanquished.

Notes
Turn   | Place    | Note
-------+----------+-------------------------------------------
     0 | D:1      | gruber the Demigod Earth Elementalist began the quest for
                  | the Orb.
     0 | D:1      | Reached XP level 1. HP: 14/14 MP: 5/5
    70 | D:1      | Reached skill level 3 in Earth Magic
   174 | D:1      | Reached XP level 2. HP: 20/20 MP: 5/7
   514 | D:1      | Reached XP level 3. HP: 25/26 MP: 2/8
   518 | D:1      | Learned a level 3 spell: Stone Arrow
   869 | D:1      | Reached skill level 4 in Earth Magic
  1008 | D:2      | Noticed a phantom
  1016 | D:2      | Slain by a worm

Illustrated notes

Levels and vault maps discovered:
D:1:      minmay_arrival_plants_in_alcoves, layout_basic
D:2:      layout_rooms, shapermc_ecumenical_altar_venn, dk_vineyard_3,
          minmay_hedge_maze, hangedman_glass_teeth, minmay_pentomino_t2,
          uniq_jessica

Skill      XL: |  1  2  3 |
---------------+----------+-----
Earth Magic    | 3 4 |  4.0
Dodging        | |  1.7
Stealth        | |  1.7
Spellcasting   | |  1.7
Transmutations | |  0.8

Action                   || total
-------------------------++-------
Melee: Dagger            ||     1
 Cast: Sandblast         ||    36
Armor: Robe              ||     1
Dodge: Dodged            ||    11

Table legend: (Time is in decaauts)
 A = Elapsed time spent in this place.
 B = Non-inter-level travel time spent in this place.
 C = Inter-level travel time spent in this place.
 D = Time resting spent in this place.
 E = Time spent auto-exploring this place.
 F = Levels seen in this place.
 G = Mean time per level.
                   A        B        C        D        E       F      G
               +--------+--------+--------+--------+--------+-----+--------+
         Total |   1016 |    975 |     41 |      0 |    832 |   2 |  508.0 |
       Dungeon |   1016 |    975 |     41 |      0 |    832 |   2 |  508.0 |
               +--------+--------+--------+--------+--------+-----+--------+

Top non-repeatable levels by time:
     D:1: 933 daAuts
     D:2: 83 daAuts
